AoeStats
← La Wacha Piola

MegaRandom

509498193Analyzed
2v2 RM · 4d ago on Sep 27, 2026· 32m 0s· 4 players
Game mode
Random Map
Map size
Medium (4 player)
Population
200
Speed
Normal
Resources
Standard
Victory
Conquest
Starting age
Dark Age
Ending age
Imperial Age
RankedLock teamsTeams togetherTeam positionsShared explorationLock speedFull tech treeHidden civsTurbo modeCheats
Victory
Defeat
🇨🇴 Saxons · Colombia
951
+13
🇨🇴 Varangians · Colombia
918
+15
🇺🇸 Lithuanians · United States
911
-15
🇦🇷 Dravidians · Argentina
877
-13
La Wacha Piola
10:11 Feudal Age
11:03 Loom
GodLyCrisCo
0:31 Loom
13:13 Feudal Age
14:23 Town Watch
18:21 Castle Age
19:50 Bloodlines
19:41 Husbandry
19:54 Forging
19:51 Scale Barding Armor
21:15 Horse Collar
28:40 Crossbowman
John F
6:58 Loom
11:30 Feudal Age
15:59 Fletching
20:44 Town Watch
21:00 Double-Bit Axe
23:26 Wheelbarrow
26:41 Castle Age
27:49 Horse Collar
28:25 Bow Saw
28:34 Forging
29:16 Gold Mining
29:15 Pikeman
30:06 Husbandry
31:05 Scale Barding Armor
matemusician
0:51 Loom
12:53 Feudal Age
11:09 Loom
16:32 Castle Age
23:13 Double-Bit Axe
30:19 Imperial Age
Connection lost

Rejoining the realm…

Still unreachable

The connection could not be restored.

Session expired

The server has moved on; the page needs a fresh start.